 Dungeon Crawl Stone Soup version 0.30-a0-377-g5cb311bc9f (webtiles) character file.

Game seed: 16151904657084854440

32 p00ps00p the Covert (level 3, 0/35 HPs)
             Began as a Gnoll Delver on Nov 28, 2022.
             Slain by an orc wizard
             ... wielding a +0 dagger
              (3 damage)
             ... on level 3 of the Dungeon.
             The game lasted 00:03:05 (1086 turns).

p00ps00p the Covert (Gnoll Delver)                  Turns: 1086, Time: 00:03:06

Health: 0/35       AC:  3    Str: 12 (13) XL:     3   Next: 25%
Magic:  4/4        EV: 13    Int:  7 (9)  God:
Gold:   45         SH:  0    Dex: 12 (13) Spells: 3/3 levels left

rFire   . . .      SeeInvis .    a - +0 hand axe
rCold   . . .      Faith    .    (no shield)
rNeg    . . .      Spirit   .    b - +0 leather armour
rPois   .          Reflect  .    (no helmet)
rElec   .          Harm     .    (no cloak)
rCorr   .          Rampage  .    (no gloves)
Will    .....                    (no boots)
Stlth   +.........               (no amulet)
HPRegen 0.25/turn                (no ring)
MPRegen 0.09/turn                (no ring)

@: confused, flying
A: fangs 1, strong nose, distributed training
a: no special abilities


You were on level 3 of the Dungeon.
You visited 1 branch of the dungeon, and saw 3 of its levels.

You collected 45 gold pieces.

Inventory:

Hand Weapons
 a - a +0 hand axe (weapon)
Missiles
 j - 4 stones (quivered)
Armour
 b - a +0 leather armour (worn)
Wands
 g - a wand of digging (3)
Scrolls
 c - a scroll of fog
 d - 2 scrolls of identify {unknown}
 e - a scroll of fear
 h - a scroll of noise {unknown}
 i - a scroll of blinking {unknown}
 k - a scroll of vulnerability {unknown}
Potions
 f - 2 potions of degeneration


   Skills:
 + Level 6.5 Fighting
 + Level 0.7 Short Blades
 + Level 0.7 Long Blades
 + Level 4.5 Axes
 + Level 0.7 Maces & Flails
 + Level 0.7 Polearms
 + Level 0.7 Staves
 + Level 0.7 Ranged Weapons
 + Level 0.7 Throwing
 + Level 0.7 Armour
 + Level 4.5 Dodging
 + Level 9.5 Stealth
 + Level 0.7 Shields
 + Level 0.7 Unarmed Combat
 + Level 0.7 Spellcasting
 + Level 0.5 Conjurations
 + Level 0.5 Hexes
 + Level 0.5 Summonings
 + Level 0.5 Necromancy
 + Level 0.5 Translocations
 + Level 0.5 Transmutations
 + Level 0.5 Fire Magic
 + Level 0.5 Ice Magic
 + Level 0.5 Air Magic
 + Level 0.5 Earth Magic
 + Level 0.5 Poison Magic
 + Level 0.9 Invocations
 + Level 0.7 Evocations


You had 3 spell levels left.
You didn't know any spells.
Your spell library was empty.

Dungeon Overview and Level Annotations

Branches:
Dungeon (5/15)             Temple (0/1) D:5

Altars:


Innate Abilities, Weirdness & Mutations

You have very sharp teeth.
Your uncanny sense of smell can sniff out nearby items.
Your experience applies equally to all skills.


Message History

You closely miss the orc. Your bite misses the orc.
The orc is heavily wounded.
You hit the orc.
You kill the orc!
You hit something.
The orc closely misses you. x2; Something hits you.
* * * LOW HITPOINT WARNING * * *
You hit the orc.
You kill the orc!
You barely miss something. The orc barely misses you.
You hear some strange, mumbled words.
A puff of flame appears from out of thin air!
The puff of flame misses you. The orc closely misses you.
Things that are here:
a +0 club; 13 gold pieces; an orc corpse You miss something.
The orc hits you from afar with a +0 trident.
* * * LOW HITPOINT WARNING * * *
You hear some strange, mumbled words.
Something tries to affect you, but you resist.
You bump into the rock wall.
The orc hits you from afar with a +0 trident.
* * * LOW HITPOINT WARNING * * *
You hear some strange, mumbled words.
You are more confused.
You are too confused!
It was a potion of degeneration.
There was something very wrong with that liquid.
You feel weakened.
You feel dopey.
You feel clumsy. The orc closely misses you.
Something hits you but does no damage.
It was a potion of flight.
You feel very buoyant.
You fly up into the air.
The orc misses you. Something hits you but does no damage.
It was a potion of magic.
Magic courses through your body. The orc closely misses you.
Something hits you but does no damage.
You are too confused!
You're too confused to aim your attacks!
You're too confused to move!
The orc closely misses you. Something hits you.
You die...

........#..# #...#######
.....##.#..#########
#..........
.....##.#...........
#.#....####
.....##.#........... #.#....#
# .#'#..........######
#.#....# #
.#.#...#####........ #.#....#
#
...#....###..[.########.#....#
#
...#.#...#...#.#{..<....#....#
#
.....##..#..##..@.o..........#
#
.#...#########...)...........#
#
.#.#.##..#..##...).......##.##
.#.#.#...#...#...........##.#
.#......###.......#.#<......#
.......#####...#..#.#########
....).............#.#
....####..........#.#
......##.##.#######.#


You could see an orc.

Vanquished Creatures
  An adder (D:3)
  4 orcs (D:3)
  A ball python (D:3)
  2 endoplasms (D:3)
  A goblin (D:3)
  A hobgoblin (D:3)
  4 jackals (D:3)
  A frilled lizard (D:3)
  2 rats (D:3)
17 creatures vanquished.

Notes
Turn   | Place    | Note
-------+----------+-------------------------------------------
     0 | D:5      | Reached skill level 9 in Stealth
     0 | D:5      | p00ps00p the Gnoll Delver began the quest for the Orb.
     0 | D:5      | Reached XP level 1. HP: 23/23 MP: 1/1
    65 | D:5      | Noticed a black bear
    82 | D:5      | Noticed an iguana
   397 | D:3      | Reached XP level 2. HP: 29/29 MP: 2/2
   925 | D:3      | Reached XP level 3. HP: 33/35 MP: 3/3
  1086 | D:3      | Slain by an orc wizard

Illustrated notes

Levels and vault maps discovered:
D:3:      layout_basic, roderic_malta_cross
D:4:      layout_basic, mainiacjoe_overflow_alcove_4
D:5:      layout_loops_ring, minmay_temple_entry_proselytizer

Skill      XL: | |
---------------+-+-----
Stealth        | |  9.5
Fighting       | |  6.5
Short Blades   | |  0.7
Long Blades    | |  0.7
Axes           | |  4.5
Maces & Flails | |  0.7
Polearms       | |  0.7
Staves         | |  0.7
Ranged Weapons | |  0.7
Throwing       | |  0.7
Armour         | |  0.7
Dodging        | |  4.5
Shields        | |  0.7
Unarmed Combat | |  0.7
Spellcasting   | |  0.7
Conjurations   | |  0.5
Hexes          | |  0.5
Summonings     | |  0.5
Necromancy     | |  0.5
Translocations | |  0.5
Transmutations | |  0.5
Fire Magic     | |  0.5
Ice Magic      | |  0.5
Air Magic      | |  0.5
Earth Magic    | |  0.5
Poison Magic   | |  0.5
Invocations    | |  0.9
Evocations     | |  0.7

Action                   || total
-------------------------++-------
Melee: Hand axe          ||    56
       Bite              ||     3
  Use: Potion            ||     4
       Scroll            ||     1
 Stab: Sleeping          ||     4
Armor: Leather armour    ||    17
Dodge: Dodged            ||    54

Table legend: (Time is in decaauts)
 A = Elapsed time spent in this place.
 B = Non-inter-level travel time spent in this place.
 C = Inter-level travel time spent in this place.
 D = Time resting spent in this place.
 E = Time spent auto-exploring this place.
 F = Levels seen in this place.
 G = Mean time per level.
                   A        B        C        D        E       F      G
               +--------+--------+--------+--------+--------+-----+--------+
         Total |   1068 |   1068 |      0 |    321 |    505 |   3 |  356.0 |
       Dungeon |   1068 |   1068 |      0 |    321 |    505 |   3 |  356.0 |
               +--------+--------+--------+--------+--------+-----+--------+

Top non-repeatable levels by time:
     D:3: 952 daAuts
     D:5: 104 daAuts
     D:4: 12 daAuts
